 Dungeon Crawl Stone Soup version 0.31-a0-765-g67fe2935dc (webtiles) character file.

Game seed: 7670945510533808718

487 Psyclone the Sneak (level 7, -3/41 HPs)
             Began as an Octopode Fire Elementalist on Sept 16, 2023.
             Slain by a gnoll
             ... wielding a +0 whip
              (6 damage)
             ... on level 5 of the Dungeon.
             The game lasted 00:12:23 (4982 turns).

Psyclone the Sneak (Octopode Fire Elementalist)     Turns: 4982, Time: 00:12:23

Health: -3/41      AC:  1    Str: 10    XL:     7   Next: 13%
Magic:  7/12       EV: 14    Int: 19    God:
Gold:   281        SH:  0    Dex: 12    Spells: 3/12 levels left

rFire   + . .        h - +6 glaive "Worm's Wrath" {spect, rF+ Str+2}
rCold   . . .        (shield currently unavailable)
rNeg    . . .        (helmet restricted)
rPois   .            (no amulet)
rElec   .            d - ring of flight
rCorr   .            (no ring)
SInv    .            (no ring)
Will    .....        (no ring)
Stlth   ++++         (no ring)
HPRegen 0.26/turn    (no ring)
MPRegen 0.13/turn    (no ring)
                     (no ring)

%: no passive effects
@: flying
A: almost no armour, amphibious, 8 rings, camouflage 1, gelatinous body 1,
(nimble swimmer 1), tentacles
a: no special abilities


You were on level 5 of the Dungeon.
You visited 1 branch of the dungeon, and saw 5 of its levels.
You also visited: Ossuary.

You collected 281 gold pieces.

Inventory:

Hand Weapons
 c - a +0 dagger
 h - the +6 glaive "Worm's Wrath" (weapon) {spect, rF+ Str+2}
   (You found it on level 2 of the Dungeon)

   Str+2:     It affects your strength (+2).
   rF+:       It protects you from fire.
Jewellery
 d - a ring of flight (left tentacle)
Wands
 b - a wand of digging (8)
Scrolls
 e - 4 scrolls of teleportation
 f - a scroll of immolation
 g - a scroll of blinking
 m - a scroll of revelation
 o - 3 scrolls of noise
 r - a scroll of silence {!r}
Potions
 a - a potion of magic
 i - 3 potions of enlightenment
 j - 3 potions of curing
 k - a potion of attraction
 l - a potion of ambrosia
 n - a potion of lignification
 q - a potion of berserk rage
 s - a potion of resistance


   Skills:
 + Level 3.7 Dodging
 + Level 5.3 Stealth
 + Level 3.4 Spellcasting
 + Level 3.2 Conjurations
 + Level 4.3 Fire Magic


You had 3 spell levels left.
You knew the following spells:

 Your Spells              Type           Power      Damage    Failure   Level
a - Foxfire               Conj/Fire      68%        2x1d7     3%          1
b - Scorch                Fire           40%        2d6       3%          2
c - Volatile Blastmotes   Fire/Tloc      22%        2d11      19%         3
d - Sandblast             Erth           6%         2d5       14%         1
v - Poisonous Vapours     Pois/Air       6%         N/A       22%         2

Your spell library contained the following spells:

 Spells                   Type           Power      Damage    Failure   Level
 Sting                    Tmut/Pois      12%        1d3       14%         1
 Inner Flame              Hex/Fire       11%        N/A       19%         3
 Lesser Beckoning         Tloc           6%         N/A       22%         2
 Passwall                 Tmut/Erth      2%         N/A       22%         2
 Stone Arrow              Conj/Erth      18%        3d8       22%         3
 Gell's Gravitas          Tloc           3%         N/A       41%         3
 Teleport Other           Tloc           3%         N/A       41%         3
 Flame Wave               Conj/Fire      17%        2d7       30%         4
 Olgreb's Toxic Radiance  Pois           3%         N/A       82%         4


Dungeon Overview and Level Annotations

Branches:
Dungeon (5/15) Zot: 25391 Ossuary (visited)
 Temple: D:4-7

Altars:
Makhleb
Trog
Vehumet
Zin
The Shining One

Shops:
D:4 =


Innate Abilities, Weirdness & Mutations

You cannot wear most types of armour.
You are amphibious.
You can wear up to eight rings at the same time.
Your skin changes colour to match your surroundings (Stealth+).
Your rubbery body absorbs attacks. (AC +1, EV +1)
((You are camouflaged when in or above water. (Stealth+)))
You have tentacles for arms and can constrict up to eight enemies at once.


Message History

The hound misses you. The gnoll misses you.
Unknown command.
Health restored: 41 You now have 8/12 mp.
Casting: Foxfire (safe; 3% risk of failure)
Confirm with . or Enter, or press ? or * to list all spells.
You conjure some foxfire!
The foxfire hits the hound.
The hound is heavily wounded.
The foxfire hits the gnoll.
The gnoll is almost dead.
The hound closely misses you. The gnoll misses you.
The foxfire hits the gnoll.
The gnoll is moderately wounded.
The gnoll hits you from afar with a +0 spear.
The hound bites you.
Unknown command.
You take 8 damage, and have 33/41 hp.
You now have 7/12 mp.
Casting: Foxfire (safe; 3% risk of failure)
Confirm with . or Enter, or press ? or * to list all spells.
You conjure some foxfire!
The hound bites you.
The gnoll hits you from afar with a +0 spear.
The gnoll misses you.
You take 9 damage, and have 24/41 hp.
MASSIVE DAMAGE!!
You now have 6/12 mp.
Unknown command.
Casting: Foxfire (safe; 3% risk of failure)
Confirm with . or Enter, or press ? or * to list all spells.
There is not enough space to conjure foxfire!
Unknown command.
You hit the gnoll.
You kill the gnoll!
The foxfire hits the hound.
The hound is almost dead.
The foxfire hits the gnoll.
The gnoll is lightly wounded.
The hound bites you. The hound barely misses you. The gnoll closely misses you.
The gnoll hits you with a +0 whip. The hound bites you.
* * * LOW HITPOINT WARNING * * *
The gnoll hits you with a +0 club!
* * * LOW HITPOINT WARNING * * *
The gnoll hits you with a +0 whip.
You die...

#.#. #... #..# #..#
#####?.#
.....g####)..
.####.gg.......
......h@# ..#####.#
# # #.#####..##
###. #..........
..... #......).##
....#####.#####....
#.......# ###
###.....# #...###


You could see a hound and 3 gnolls.

Vanquished Creatures
  An ogre (D:4)
  A jelly (D:4)
  A sleepcap (D:5)
  An iguana (D:4)
  5 orc wizards (D:4)
  Terence (D:3)
  3 mummies (Ossuary)
  A gnoll (D:5)
  2 adders
  An ufetubus (D:4)
  4 adder zombies (Ossuary)
  3 worms (D:2)
  A dart slug (D:1)
  9 orcs
  4 bats
  6 endoplasms
  2 giant cockroaches
  8 goblins
  5 hobgoblins
  4 jackals (D:2)
  5 kobolds
  9 quokkas
  10 ball pythons
  2 frilled lizards (D:2)
  A gnoll zombie (D:5)
  6 goblin zombies
  3 hobgoblin zombies (Ossuary)
  3 kobold zombies (Ossuary)
  2 quokka zombies (Ossuary)
  4 rats
  2 rat zombies (Ossuary)
110 creatures vanquished.

Vanquished Creatures (others)
  334 foxfires
334 creatures vanquished.

Grand Total: 444 creatures vanquished

Notes
Turn   | Place    | Note
-------+----------+-------------------------------------------
     0 | D:1      | Psyclone the Octopode Fire Elementalist began the quest for
                  | the Orb.
     0 | D:1      | Reached XP level 1. HP: 11/11 MP: 3/3
    98 | D:1      | Reached XP level 2. HP: 8/17 MP: 1/5
   101 | D:1      | Reached skill level 3 in Stealth
   505 | D:1      | Reached XP level 3. HP: 17/21 MP: 3/6
   508 | D:1      | Learned a level 2 spell: Scorch
   835 | D:2      | Found a bloodstained altar of Trog.
   892 | D:2      | Identified the +6 glaive "Worm's Wrath" {spect, rF+ Str+2}
  1525 | D:2      | Learned a level 3 spell: Volatile Blastmotes
  1627 | D:2      | Reached XP level 4. HP: 27/27 MP: 1/7
  2238 | D:3      | Found a burning altar of Makhleb.
  2846 | D:3      | Noticed Terence
  2870 | D:3      | Killed Terence
  2871 | D:3      | Reached skill level 4 in Stealth
  2871 | D:3      | Reached XP level 5. HP: 31/31 MP: 0/9
  2976 | D:3      | Found a glowing silver altar of Zin.
  2978 | D:3      | Found a glowing golden altar of the Shining One.
  3495 | D:4      | Learned a level 1 spell: Sandblast
  3504 | D:4      | Found a radiant altar of Vehumet.
  3510 | D:4      | Reached XP level 6. HP: 36/36 MP: 7/10
  3897 | D:4      | Learned a level 2 spell: Poisonous Vapours
  4121 | D:4      | Reached skill level 5 in Stealth
  4318 | D:4      | Found Lagud's Jewellery Shoppe.
  4540 | D:5      | Entered Level 5 of the Dungeon
  4540 | D:5      | Found a sand-covered staircase.
  4556 | Ossuary  | Entered an ossuary
  4562 | Ossuary  | Reached XP level 7. HP: 31/41 MP: 6/12
  4982 | D:5      | Slain by a gnoll

Illustrated notes

Levels and vault maps discovered:
D:1:      lemuel_arrival_room, layout_basic
D:2:      layout_loops_corners, basic_altar, minmay_fountain_box,
          nicolae_wormholes
D:3:      layout_basic, amcnicky_altar_gilded, nicolae_overflow_two_pavilions,
          uniq_terence
D:4:      layout_basic, nicolae_vehumet_altar_sigil, serial_shops,
          nicolae_take_the_stairs, minmay_a_box_with_orc_wizards_in_it
D:5:      layout_loops_ring, grunt_nemelex_the_gamble, lemuel_doored_altar,
          minmay_temple_entry_glassed_door, enter_ossuary_3,
          gammafunk_ghost_nasty_kobolds

Skill      XL: |  1  2  3  4  5  6 |
---------------+-------------------+-----
Stealth        | 3 4 5 |  5.3
Conjurations   | 2 3 |  3.2
Dodging        | 3 |  3.7
Spellcasting   | 3 |  3.4
Fire Magic     | 4 |  4.3

Action                     |  1- 3 |  4- 6 |  7- 9 || total
---------------------------+-------+-------+-------++-------
  Melee: Dagger            |    15 |       |       ||    15
         Constrict         |     9 |     7 |     6 ||    22
         Tentacles         |     4 |     4 |     3 ||    11
         Glaive            |    11 |    25 |    10 ||    46
   Cast: Foxfire           |    64 |    99 |    36 ||   199
         Poisonous Vapours |       |     4 |       ||     4
         Scorch            |       |     1 |       ||     1
    Use: Scroll            |     4 |     6 |     3 ||    13
         Potion            |     2 |     6 |       ||     8
   Stab: Sleeping          |     3 |     2 |       ||     5
 Armour: Skin              |    15 |    15 |    17 ||    47
  Dodge: Dodged            |    15 |    10 |    21 ||    46

Table legend: (Time is in decaauts)
 A = Elapsed time spent in this place.
 B = Non-inter-level travel time spent in this place.
 C = Inter-level travel time spent in this place.
 D = Time resting spent in this place.
 E = Time spent auto-exploring this place.
 F = Levels seen in this place.
 G = Mean time per level.
                   A        B        C        D        E       F      G
               +--------+--------+--------+--------+--------+-----+--------+
         Total |   5010 |   4912 |     98 |    290 |   3707 |   6 |  835.0 |
       Dungeon |   4606 |   4508 |     98 |    117 |   3624 |   5 |  921.2 |
       Ossuary |    403 |    403 |      0 |    173 |     83 |   1 |  403.0 |
               +--------+--------+--------+--------+--------+-----+--------+

Top non-repeatable levels by time:
     D:4: 1426 daAuts
     D:2: 1410 daAuts
     D:3: 889 daAuts
     D:1: 833 daAuts
 Ossuary: 403 daAuts
     D:5: 47 daAuts
